 Dungeon Crawl Stone Soup version 0.29.1-12-g30fa7ad0bf (webtiles) character file.

Game seed: 17503455202598699393

1405 wormed the Ruffian (level 8, -1/78 HPs)
             Began as a Troll Gladiator on Dec 23, 2022.
             Was a Believer of Ru.
             Slain by a gnoll
             ... wielding a +0 halberd
              (12 damage)
             ... on level 8 of the Dungeon.
             The game lasted 00:04:58 (3712 turns).

wormed the Ruffian (Troll Gladiator)                Turns: 3712, Time: 00:04:59

Health: -1/78      AC:  5    Str: 25    XL:     8   Next: 42%
Magic:  7/7        EV: 11    Int:  4    God:    Ru [**....]
Gold:   242        SH:  0    Dex: 11    Spells: 7/7 levels left

rFire   . . .      SeeInvis .     - Unarmed
rCold   . . .      Faith    +   (no shield)
rNeg    + . .      Spirit   .   a - +0 robe
rPois   +          Reflect  .   b - +0 hat
rElec   .          Harm     .   C - +0 cloak
rCorr   .          Rampage  .   (gloves unavailable)
Will    .....                   (boots unavailable)
Stlth   +.........              k - amulet of faith
HPRegen 1.03/turn               f - ring of positive energy
MPRegen 0.10/turn               o - ring of poison resistance

@: no status effects
A: large, unfitting armour, claws 3, regeneration 1, shaggy fur 1, tough skin 1,
inability to use devices
a: Renounce Religion


You were on level 8 of the Dungeon.
You worshipped Ru.
Ru was pleased with you.
You visited 2 branches of the dungeon, and saw 7 of its levels.
You also visited: Ossuary.

You collected 242 gold pieces.

Inventory:

Missiles
 c - 3 throwing nets
 d - 7 large rocks (quivered)
Armour
 a - a +0 robe (worn)
 b - a +0 hat (worn)
 C - a +0 cloak (worn)
Jewellery
 f - a ring of positive energy (left claw)
 k - an amulet of faith (around neck)
 o - a ring of poison resistance (right claw)
 q - a ring of protection from cold
 s - a +6 ring of strength
Scrolls
 g - 5 scrolls of identify {unknown}
 i - 3 scrolls of teleportation {unknown}
 l - a scroll of blinking {unknown}
 r - a scroll of vulnerability {unknown}
 t - a scroll of fear {unknown}
 v - a scroll of silence {unknown}
 w - a scroll of poison {unknown}
 x - 2 scrolls of fog {unknown}
 y - 3 scrolls of enchant armour {unknown}
 z - a scroll of noise {unknown}
 A - a scroll of enchant weapon {unknown}
 B - a scroll of magic mapping {unknown}
Potions
 e - a potion of might {unknown}
 h - 4 potions of curing
 j - 3 potions of magic {unknown}
 m - 2 potions of degeneration {unknown}
 n - a potion of cancellation {unknown}
 p - 4 potions of flight {unknown}
 u - 2 potions of heal wounds {unknown}
 D - a potion of attraction {unknown}


   Skills:
 + Level 3.7 Fighting
 + Level 4.1 Throwing
 + Level 3.2 Armour
 + Level 4.3 Dodging
 * Level 6.7 Unarmed Combat


You had 7 spell levels left.
You didn't know any spells.
Your spell library contained the following spells:

 Spells                   Type           Power      Damage    Failure   Level
 Shock                    Conj/Air       0%         1d3       50%         1
 Swiftness                Air            0%         N/A       86%         3
 Airstrike                Air            0%         2d(0-16)  99%         4


Dungeon Overview and Level Annotations

Branches:
Dungeon (5/15)             Temple (1/1) D:4         Ossuary (visited)

Altars:
Ashenzari
Cheibriados
Dithmenos
Elyvilon
Gozag
Makhleb
Nemelex Xobeh
Okawaru
Qazlal
Ru
Trog
Uskayaw
Vehumet
Wu Jian
Xom
Zin

Shops:
D:2 !

Annotations:
Temple 2 transporters


Innate Abilities, Weirdness & Mutations

You are too large for most types of armour.
You have claws for hands.
Your natural rate of healing is unusually fast.
You are covered in fur. (AC +1)
You have tough skin. (AC +1)
You cannot study or use magical devices.


Message History

The gnoll closely misses you.
The gnoll hits you from afar with a +0 spear.
The gnoll sergeant hits you from afar with a +0 spear.
You scratch the orc but do no damage.
The gnoll hits you from afar with a +0 spear.
The orc hits you but does no damage. The gnoll sergeant closely misses you.
The gnoll hits you from afar with a +0 halberd.
You are too injured to fight recklessly!
You claw the orc!
You kill the orc!
The gnoll hits you from afar with a +0 spear!
The gnoll sergeant hits you from afar with a +0 spear.
The gnoll hits you from afar with a +0 halberd.
* * * LOW HITPOINT WARNING * * *
It was a potion of curing.
You feel better.
The gnoll hits you from afar with a +0 spear.
The gnoll barely misses you.
You see here a hound corpse.
The gnoll closely misses you.
The gnoll sergeant hits you but does no damage.
The gnoll hits you with a +0 halberd.
Things that are here:
a +0 mace; a +0 scale mail; an orc corpse You scratch the gnoll.
The gnoll is lightly wounded.
The gnoll closely misses you.
The gnoll sergeant is stunned by your conviction and fails to attack.
The gnoll barely misses you.
You closely miss the gnoll.
The gnoll is lightly wounded.
You barely miss the gnoll.
The gnoll is lightly wounded.
The gnoll sergeant hits you with a +0 spear!
* * * LOW HITPOINT WARNING * * *
The gnoll barely misses you. The gnoll hits you with a +0 halberd!
* * * LOW HITPOINT WARNING * * *
You feel better. The gnoll hits you with a +0 spear.
* * * LOW HITPOINT WARNING * * *
The gnoll hits you with a +0 halberd!
You die...

........# ##.. .....
........## ###..##...#
##'###...# #........#
.....#.#.# #.##.##.#
.....#.#.###.......##
.._..#.#........†...#++#
.....#.........#........
.....#.(.......#†g.#....
######..........@g......
..........#...#.g...####
###.###......##....##
#..###....####...#
##..#.....## #...#
##........# .....
##.....### ....#.
######........ ....#..
............##


You could see a gnoll sergeant and 2 gnolls.

Vanquished Creatures
  An ice beast (D:8)
  A wolf (D:8)
  An ogre (D:5)
  2 elf zombies (Ossuary)
  A necrophage (D:8)
  2 elf skeletons (D:4)
  2 scorpions (D:5)
  A howler monkey (D:2)
  A centaur zombie (Ossuary)
  5 hounds
  2 human zombies
  3 orc priests
  A human skeleton (D:4)
  An orc wizard (D:3)
  2 mummies (Ossuary)
  6 adders
  7 gnolls
  A shadow imp (D:5)
  An ufetubus (D:5)
  2 adder zombies (Ossuary)
  7 worms
  2 dart slugs (D:2)
  12 orcs
  3 bats
  5 endoplasms
  2 giant cockroaches
  7 goblins
  3 hobgoblins
  4 jackals (D:4)
  3 quokkas
  5 ball pythons
  5 frilled lizards
  A goblin zombie (Ossuary)
  12 hobgoblin zombies (Ossuary)
  2 jackal zombies (Ossuary)
  9 kobolds
  10 kobold zombies (Ossuary)
  2 orc skeletons (D:4)
  6 orc zombies (Ossuary)
  6 rats
149 creatures vanquished.

Notes
Turn   | Place    | Note
-------+----------+-------------------------------------------
     0 | D:1      | wormed the Troll Gladiator began the quest for the Orb.
     0 | D:1      | Reached XP level 1. HP: 19/19 MP: 0/0
    57 | D:1      | Reached XP level 2. HP: 28/28 MP: 1/1
   522 | D:2      | Noticed a howler monkey
   530 | D:2      | Killed a howler monkey
   531 | D:2      | Reached XP level 3. HP: 26/35 MP: 2/2
   535 | D:2      | Reached XP level 4. HP: 36/42 MP: 3/3
   551 | D:1      | Reached skill level 1 in Armour
   651 | D:2      | Reached skill level 4 in Unarmed Combat
   673 | D:2      | Reached XP level 5. HP: 43/49 MP: 4/4
   762 | D:2      | Found a faded altar of an unknown god.
   894 | D:2      | Found Zatat's Distillery.
  1627 | D:3      | Found a snail-covered altar of Cheibriados.
  2159 | D:4      | Reached XP level 6. HP: 38/59 MP: 5/5
  2277 | D:4      | Found a sparkling altar of Nemelex Xobeh.
  2314 | D:4      | Found a staircase to the Ecumenical Temple.
  2342 | Temple   | Entered the Ecumenical Temple
  2342 | Temple   | Found a transporter.
  2342 | Temple   | Found a transporter.
  2344 | Temple   | Found a transporter.
  2344 | Temple   | Found a transporter.
  2355 | Temple   | Became a worshipper of Ru the Awakened
  2406 | D:4      | Reached skill level 5 in Unarmed Combat
  2694 | D:4      | Reached XP level 7. HP: 61/66 MP: 6/6
  2700 | D:4      | Found a sand-covered staircase.
  2710 | Ossuary  | Entered an ossuary
  3132 | D:5      | Entered Level 5 of the Dungeon
  3342 | D:5      | Reached skill level 6 in Unarmed Combat
  3364 | D:5      | Reached XP level 8. HP: 75/75 MP: 7/7
  3505 | D:5      | Identified the +3 whip of the Gloaming {venom, rF+ Dex+2}
  3609 | D:5      | Gained mutation: You cannot study or use magical devices.
                  | [Ru sacrifice]
  3609 | D:5      | Reached * piety under Ru
  3609 | D:5      | Reached ** piety under Ru
  3621 | D:5      | You fall into a shaft and drop 3 floors!
  3621 | D:8      | Found a radiant altar of Vehumet.
  3637 | D:8      | Found a burning altar of Makhleb.
  3712 | D:8      | Slain by a gnoll

Illustrated notes

Levels and vault maps discovered:
D:1:      minmay_arrival_wavy_path, layout_rooms
D:2:      layout_rooms, dreamdust_ecumenical_altar_statues, serial_shops,
          nicolae_shop_window_shopping, hangedman_decor_riveting,
          minmay_misc_feat_enclosed
D:3:      layout_basic, chei_slow_surprise
D:4:      layout_loops_ring, mainiacjoe_overflow_six_doors_small,
          minmay_temple_entry_ruins, nicolae_ossuary_entry_catacombs
D:5:      layout_basic, nicolae_yredelemnul_ghost_church, st_stairs_10,
          minmay_misc_feat_columns, nrook_mini_backslash,
          minmay_misc_feat_cross, chequers_serial_rivers_small_b
D:8:      layout_cave_pools, amcnicky_altar_gilded, nicolae_vehumet_radiance,
          mainiacjoe_overflow_alcove_2, serial_gnoll_camp, gnoll_camp_mini_shop,
          gnoll_camp_huts_basic, gnoll_camp_mini_basic, gnoll_camp_mini_hut,
          gnoll_camp_mini_basic, gnoll_camp_mini_hut, minmay_mini_ossuary
Temple:   hellmonk_temple_divided_pantheon

Skill      XL: |  1  2  3  4  5  6  7  8 |
---------------+-------------------------+-----
Throwing       | 2 3 4 |  4.1
Fighting       | 2 3 |  3.7
Armour         | 1 2 3 |  3.2
Unarmed Combat | 4 5 6 |  6.7
Dodging        | 3 4 |  4.3

Action                   |  1- 3 |  4- 6 |  7- 9 || total
-------------------------+-------+-------+-------++-------
Melee: Unarmed           |    60 |   186 |   163 ||   409
       Punch             |     1 |     6 |     6 ||    13
Invok: Sacrifice Artific |       |       |     1 ||     1
  Use: Potion            |       |       |     2 ||     2
Armor: Robe              |    17 |    65 |    38 ||   120
Dodge: Dodged            |    31 |    84 |    66 ||   181
